AoeStats
← [CRX] SMURFVENKOV

Arabia

506182812Analyzed
1v1 RM · 21d ago on Sep 12, 2026· 34m 37s· 2 players
Game mode
Random Map
Map size
Tiny (2 player)
Population
200
Speed
Normal
Resources
Standard
Victory
Conquest
Starting age
Dark Age
Ending age
Imperial Age
RankedLock teamsTeams togetherTeam positionsShared explorationLock speedFull tech treeHidden civsTurbo modeCheats
Victory
Defeat
🇲🇽 Celts · Mexico
1529
+14
🇮🇱 Vietnamese · Israel
1494
-14
SubZero
5:36 Loom
9:39 Feudal Age
10:32 Double-Bit Axe
16:34 Fletching
24:54 Castle Age
23:24 Padded Archer Armor
34:34 Scale Barding Armor
[CRX] SMURFVENKOV
3:53 Loom
10:18 Feudal Age
11:02 Man-at-Arms
15:37 Fletching
17:27 Padded Archer Armor
24:31 Castle Age
22:26 Horse Collar
22:45 Double-Bit Axe
25:13 Bodkin Arrow
30:38 Pikeman
32:32 Scale Mail Armor
Connection lost

Rejoining the realm…

Still unreachable

The connection could not be restored.

Session expired

The server has moved on; the page needs a fresh start.